 Dungeon Crawl Stone Soup version 0.27.0-1-g7a089689b8 (webtiles) character file.

Game seed: 3889569523339314750

16702 Sin92 the Cleaver (level 12, -8/106 HPs)
             Began as a Minotaur Fighter on Aug 1, 2021.
             Was the Champion of Okawaru.
             Mangled by Rupert (24 damage)
             ... on level 12 of the Dungeon.
             The game lasted 00:14:54 (8474 turns).

Sin92 the Cleaver (Minotaur Fighter)                Turns: 8474, Time: 00:14:54

Health: -8/106     AC: 26    Str: 38    XL:     12   Next: 12%
Magic:  16/16      EV: 10    Int:  5    God:    Okawaru [******]
Gold:   636        SH: 13    Dex: 10    Spells: 11/11 levels left

rFire    . . .     SeeInvis .   G - +1 broad axe (vorpal)
rCold    + . .     Faith    .   c - +0 kite shield
rNeg     + + .     Spirit   .   v - +9 plate armour "Liurgh Xevi" {Drain rN++ Regen+}
rPois    .         Reflect  .   (helmet restricted)
rElec    .         Harm     .   A - +0 cloak
rCorr    .         Rampage  .   (no gloves)
Will     .....                  (no boots)
Stlth    ..........             (no amulet)
HPRegen  1.27/turn              C - +6 ring of strength
MPRegen  0.15/turn              d - +6 ring of strength

@: no status effects
A: horns 2, retaliatory headbutt, talons 1, iridescent scales 1, cold resistance
1
a: Renounce Religion, Heroism, Finesse


You were on level 12 of the Dungeon.
You worshipped Okawaru.
Okawaru was exalted by your worship.
You visited 1 branch of the dungeon, and saw 12 of its levels.

You collected 2195 gold pieces.
You spent 1559 gold pieces at shops.

Inventory:

Hand Weapons
 a - a +0 war axe
 y - a +1 whip of electrocution
 G - a +1 vorpal broad axe (weapon)
 J - a +1 broad axe of flaming
Missiles
 F - 6 javelins (quivered)
Armour
 b - a +0 scale mail
 c - a +0 kite shield (worn)
 u - a +4 chain mail of willpower
 v - the +9 plate armour "Liurgh Xevi" (worn) {Drain rN++ Regen+}
   (You bought it in a shop on level 5 of the Dungeon)

   rN:        It greatly protects you from negative energy.
   Regen:     It increases your rate of health regeneration.
   Drain:     It drains your maximum health when unequipped.
 A - a +0 cloak (worn)
 L - the +10 plate armour of the Morning Star {MP+9 Dex+3}
   (Okawaru gifted it to you on level 10 of the Dungeon)

   Dex:       It affects your dexterity (+3).
   MP:        It affects your magic capacity (+9).
Jewellery
 d - a +6 ring of strength (right hand)
 l - a ring of ice
 r - a +4 ring of evasion
 C - a +6 ring of strength (left hand)
 D - a ring of ice
 I - a +4 ring of evasion
 N - a ring of magical power
Wands
 o - a wand of polymorph (12)
 x - a wand of iceblast (23)
 z - a wand of flame (19)
 H - a wand of paralysis (10)
Scrolls
 i - 5 scrolls of teleportation
 k - 2 scrolls of silence
 t - a scroll of magic mapping
 B - 2 scrolls of fear
 E - 4 scrolls of fog
 K - 4 scrolls of identify
Potions
 e - 3 potions of haste
 f - a potion of mutation
 g - 10 potions of curing
 h - a potion of ambrosia {unknown}
 j - a potion of brilliance {unknown}
 m - a potion of cancellation
 n - 2 potions of attraction
 p - 2 potions of magic
 q - a potion of lignification
 s - 2 potions of flight
 w - a potion of heal wounds
 M - a potion of berserk rage {unknown}


   Skills:
 + Level 9.9 Fighting
 * Level 12.7 Axes
 + Level 9.8 Armour
 + Level 8.3 Dodging
 + Level 9.9 Shields
 + Level 7.1 Invocations


You had 11 spell levels left.
You didn't know any spells.
Your spell library contained the following spells:

 Spells                   Type           Power      Damage    Failure   Level
 Magic Dart               Conj           0%         1d3       99%         1
 Pain                     Necr           0%         1d4       99%         1
 Call Imp                 Summ           0%         N/A       100%        2
 Corpse Rot               Necr/Air       N/A        N/A       100%        2
 Ensorcelled Hibernation  Hex/Ice        0%         N/A       100%        2
 Searing Ray              Conj           0%         3d3       100%        2
 Sublimation of Blood     Necr           0%         N/A       100%        2
 Wereblood                Tmut           0%         N/A       100%        2
 Conjure Flame            Conj/Fire      0%         6-21      100%        3
 Dazzling Flash           Conj/Hex       0%         N/A       100%        3
 Ignite Poison            Fire/Tmut/Pois 0%         N/A       100%        3
 Mephitic Cloud           Conj/Pois/Air  0%         N/A       100%        3
 Spider Form              Tmut/Pois      0%         N/A       100%        3
 Dispel Undead            Necr           0%         3d6       100%        4
 Fulminant Prism          Conj/Hex       0%         3d6       100%        4
 Iskenderun's Mystic Bla  Conj/Tloc      0%         2d3       100%        4
 Sticky Flame             Conj/Fire      0%         2d3       100%        4
 Agony                    Necr           0%         N/A       100%        5
 Bolt of Magma            Conj/Fire/Erth 0%         4d4       100%        5
 Excruciating Wounds      Necr           0%         N/A       100%        5
 Death Channel            Necr           0%         N/A       100%        6
 Shadow Creatures         Summ           N/A        N/A       100%        6
 Starburst                Conj/Fire      0%         8x6d3     100%        6
 Summon Hydra             Summ           0%         N/A       100%        7


Dungeon Overview and Level Annotations

Branches:
Dungeon (12/15)            Temple (0/1) D:6            Lair (0/6) D:8
    Orc (0/2) D:11

Altars:
Hepliaklqana
Nemelex Xobeh
Okawaru
Trog
Xom
Yredelemnul

Shops:
D:5 :[?[[   D:9 [

Portals:
Trove: D:12 (give +7 demon trident)

Annotations:
D:8 2 transporters, DocClef's ghost, amateur GnDe
D:12 Rupert


Innate Abilities, Weirdness & Mutations

You have a pair of horns on your head.
You reflexively headbutt those who attack you in melee.
You have sharp toenails.
You are partially covered in iridescent scales. (AC +2)
Your flesh is cold resistant. (rC+)


Message History

Found 19 poisoned darts.
N - a ring of magical power Rupert the Wild comes into view.
He is wielding a +2 great sword of electrocution.
Rupert shouts!
Found a pair of runed gloves.
A deep elf pyromancer comes into view. It is wielding a +0 long sword.
The deep elf pyromancer shouts!
Found a stone staircase leading down.
The deep elf pyromancer casts a spell at you.
The bolt of fire hits you.
Rupert looks confused.
Rupert roars madly and goes into a rage!
Rupert goes berserk!
Okay, then.
The deep elf pyromancer casts a spell.
You slice Rupert!! You claw Rupert! Your headbutt misses Rupert.
Rupert is moderately wounded.
Rupert hits you with a +2 great sword of electrocution!!
You block Rupert's attack.
You hit Rupert. You claw Rupert.
Rupert is moderately wounded.
Rupert barely misses you.
The deep elf pyromancer mumbles some strange words.
Rupert barely misses you.
You hit Rupert but do no damage. Your kick misses Rupert. You headbutt Rupert!
Rupert is moderately wounded.
Rupert hits you with a +2 great sword of electrocution!!
You are electrocuted!
You slash Rupert! Your kick misses Rupert.
Rupert is heavily wounded.
Rupert barely misses you. You furiously retaliate!
You headbutt Rupert, but do no damage.
Rupert hits you with a +2 great sword of electrocution!!
* * * LOW HITPOINT WARNING * * *
You are electrocuted!
* * * LOW HITPOINT WARNING * * *
You slash Rupert! Your kick misses Rupert. You headbutt Rupert!
Rupert is severely wounded.
Rupert hits you with a +2 great sword of electrocution!!
You die...

#...[# #. #....+ #.
#....#### #.
#+####........
#.##............
#..#.........####
#.#.............
######E..........###
#...@@eE.........+
#.#####E.........# #
#○.........####
#..########.... #.>.
#.... #### #####
#.... (..# #....
.### #.... .# ###
#....


You could see Rupert (berserk), a deep elf pyromancer and 3 fire elementals.

Vanquished Creatures
  3 boulder beetles (D:9)
  A hydra (D:11)
  A centaur warrior (D:9)
  A two-headed ogre (D:11)
  3 deep elf pyromancers
  Pikel (D:6)
  2 ugly things (D:9)
  3 cyclopes
  A manticore (D:10)
  2 unseen horrors (D:11)
  A kobold demonologist (D:9)
  2 hornets
  A slime creature (D:9)
  Sigmund (D:2)
  2 shadows (D:9)
  7 yaks
  Eustachio (D:4)
  A wyvern (D:9)
  Grum (D:10)
  2 vampire mosquitoes (D:12)
  3 steam dragons
  A basilisk (D:9)
  4 water moccasins
  4 orc warriors
  A sky beast (D:5)
  A necrophage (D:5)
  An ice beast (D:5)
  An ogre (D:5)
  A centaur (D:9)
  4 wolves (D:10)
  2 phantoms
  4 lemures (D:6)
  4 kobold brigands
  Blork the orc (D:6)
  2 bullfrogs (D:7)
  A gnoll sergeant (D:9)
  5 scorpions
  A wyvern zombie (D:8)
  A wyvern skeleton (D:6)
  7 killer bees (D:9)
  An electric eel (D:9)
  13 wights
  A howler monkey (D:11)
  6 centaur zombies
  A bullfrog skeleton (D:6)
  Crazy Yiuf (D:6)
  A jelly (D:6)
  3 gnoll shamans
  A centaur skeleton (D:7)
  4 iguanas
  4 orc wizards
  2 hound skeletons
  2 howler monkey zombies
  Robin (D:2)
  A howler monkey skeleton (D:6)
  15 gnolls
  8 adders
  2 shadow imps (D:5)
  3 white imps
  An adder skeleton (D:2)
  4 worms
  A dart slug (D:1)
  28 orcs
  5 endoplasms
  4 giant cockroaches
  15 goblins
  11 hobgoblins
  13 kobolds
  7 quokkas
  6 ball pythons
  6 bats
  4 frilled lizards
  4 rats
265 creatures vanquished.

Vanquished Creatures (collateral kills)
  A hobgoblin (D:4)
  A kobold (D:4)
2 creatures vanquished.

Vanquished Creatures (others)
  39 plants
39 creatures vanquished.

Grand Total: 306 creatures vanquished

Notes
Turn   | Place    | Note
-------+----------+-------------------------------------------
     0 | D:1      | Sin92 the Minotaur Fighter began the quest for the Orb.
     0 | D:1      | Reached XP level 1. HP: 19/19 MP: 0/0
    89 | D:1      | Reached XP level 2. HP: 25/27 MP: 1/1
   520 | D:2      | Reached skill level 3 in Axes
   735 | D:2      | Reached skill level 1 in Dodging
   735 | D:2      | Reached XP level 3. HP: 33/33 MP: 2/2
   753 | D:2      | Noticed Sigmund
   760 | D:2      | Gained mutation: You have sharp toenails. [potion of
                  | mutation]
   760 | D:2      | Gained mutation: Your flesh is cold resistant. (rC+)
                  | [potion of mutation]
   760 | D:2      | Gained mutation: Your body sometimes deteriorates upon
                  | taking damage. [potion of mutation]
   760 | D:2      | Gained mutation: Your spells are a little harder to cast,
                  | but a little more powerful. [potion of mutation]
   768 | D:2      | Killed Sigmund
   769 | D:2      | Reached skill level 4 in Axes
   769 | D:2      | Reached XP level 4. HP: 4/41 MP: 3/3
   769 | D:2      | Reached XP level 5. HP: 5/47 MP: 4/4
  1134 | D:2      | Identified a scroll of acquirement
  1134 | D:2      | Acquired 1323 gold pieces
  1591 | D:3      | Noticed Robin
  1605 | D:2      | Killed Robin
  1970 | D:3      | Reached XP level 6. HP: 24/53 MP: 5/5
  2289 | D:3      | Found a bloodstained altar of Trog.
  2363 | D:3      | Found an iron altar of Okawaru.
  2397 | D:3      | Became a worshipper of Warmaster Okawaru
  2658 | D:4      | Reached skill level 5 in Axes
  2679 | D:4      | Noticed Eustachio
  2699 | D:4      | Killed Eustachio
  2700 | D:4      | Reached skill level 5 in Fighting
  2700 | D:4      | Reached skill level 5 in Shields
  2917 | D:4      | Reached skill level 1 in Invocations
  3301 | D:4      | Reached XP level 7. HP: 61/61 MP: 6/6
  3360 | D:4      | Lost mutation: Your body sometimes deteriorates upon taking
                  | damage. [potion of mutation]
  3360 | D:4      | Lost mutation: Your spells are a little harder to cast, but
                  | a little more powerful. [potion of mutation]
  3360 | D:4      | Gained mutation: You are partially covered in iridescent
                  | scales. (AC +2) [potion of mutation]
  3399 | D:5      | Entered Level 5 of the Dungeon
  3405 | D:5      | Reached skill level 5 in Armour
  3441 | D:5      | Reached * piety under Okawaru
  3442 | D:5      | Reached skill level 6 in Axes
  3488 | D:5      | Found Ryggaypn's Armour Shoppe.
  3607 | D:5      | Found Amep's Magic Scroll Shop.
  3686 | D:5      | Found a hazy altar of Hepliaklqana.
  3687 | D:5      | Found a shimmering altar of Xom.
  3688 | D:5      | Noticed a spectral ugly thing
  3769 | D:5      | Found Birhitua's Armour Boutique.
  3777 | D:5      | Bought a +4 chain mail of willpower for 441 gold pieces
  3791 | D:5      | Reached XP level 8. HP: 69/69 MP: 8/8
  3802 | D:5      | Found Corizal's Book Shop.
  3849 | D:5      | Found Zapusut's Armour Shoppe.
  3855 | D:5      | Bought the +9 plate armour "Liurgh Xevi" {Drain rN++
                  | Regen+} for 1118 gold pieces
  3907 | D:5      | Reached skill level 7 in Axes
  3914 | D:5      | Found a basalt altar of Yredelemnul.
  4098 | D:6      | Reached ** piety under Okawaru
  4281 | D:6      | Noticed Pikel
  4300 | D:6      | Killed Pikel
  4301 | D:6      | Reached skill level 8 in Axes
  4301 | D:6      | Reached XP level 9. HP: 57/78 MP: 10/10
  4374 | D:6      | Reached skill level 5 in Dodging
  4516 | D:6      | Noticed Blork the orc
  4524 | D:6      | Killed Blork the orc
  4524 | D:6      | Reached *** piety under Okawaru
  4700 | D:6      | Found a staircase to the Ecumenical Temple.
  4758 | D:6      | Found a runed translucent door.
  4759 | D:6      | Noticed Crazy Yiuf
  4841 | D:6      | Killed Crazy Yiuf
  5068 | D:7      | Reached skill level 9 in Axes
  5668 | D:8      | Found a staircase to the Lair.
  5677 | D:8      | Noticed a moth of wrath
  5678 | D:8      | Noticed DocClef's ghost (amateur GnDe)
  5683 | D:8      | Found a transporter.
  5687 | D:8      | Found a transporter.
  5689 | D:8      | Found a bloodstained altar of Trog.
  5691 | D:8      | Noticed a cyclops
  5768 | D:8      | Reached **** piety under Okawaru
  6059 | D:8      | Reached XP level 10. HP: 83/86 MP: 12/12
  6353 | D:9      | Noticed a boulder beetle
  6366 | D:9      | Reached skill level 10 in Axes
  6380 | D:9      | Killed a boulder beetle
  6380 | D:9      | Reached ***** piety under Okawaru
  6381 | D:9      | Reached skill level 5 in Invocations
  6503 | D:9      | Found a sparkling altar of Nemelex Xobeh.
  6578 | D:9      | Received a gift from Okawaru
  6649 | D:9      | Noticed a cyan ugly thing
  6654 | D:9      | Noticed a red ugly thing
  6671 | D:9      | Killed a cyan ugly thing
  6680 | D:9      | Killed a cyan ugly thing
  6689 | D:9      | Noticed a boulder beetle
  6715 | D:9      | Killed a boulder beetle
  6716 | D:9      | Reached skill level 11 in Axes
  6720 | D:9      | Noticed a cyclops
  6721 | D:9      | Noticed a centaur warrior
  6723 | D:9      | Noticed a deep elf pyromancer
  6726 | D:9      | Killed a cyclops
  6732 | D:9      | Reached XP level 11. HP: 95/95 MP: 14/14
  6739 | D:9      | Killed a centaur warrior
  6742 | D:9      | Noticed a boulder beetle
  6761 | D:9      | Killed a deep elf pyromancer
  6761 | D:9      | Reached ****** piety under Okawaru
  6761 | D:9      | Received a gift from Okawaru
  6776 | D:9      | Killed a boulder beetle
  6949 | D:9      | Found Utoejio's Armour Shoppe.
  7258 | D:10     | Entered Level 10 of the Dungeon
  7292 | D:10     | Acquired a +1 broad axe of flaming
  7340 | D:10     | Reached skill level 12 in Axes
  7408 | D:10     | Noticed a deep elf pyromancer
  7419 | D:10     | Killed a deep elf pyromancer
  7419 | D:10     | Identified the +10 plate armour of the Morning Star {MP+9
                  | Dex+3} (Okawaru gifted it to you on level 10 of the
                  | Dungeon)
  7419 | D:10     | Received a gift from Okawaru
  7593 | D:10     | Noticed Grum
  7604 | D:10     | Killed Grum
  7769 | D:11     | Noticed a four-headed hydra
  7770 | D:11     | Found a staircase to the Orcish Mines.
  7778 | D:11     | Killed a three-headed hydra
  7954 | D:11     | Noticed a two-headed ogre
  7961 | D:11     | Killed a two-headed ogre
  7962 | D:11     | Reached XP level 12. HP: 87/106 MP: 16/16
  8084 | D:11     | Identified the +4 short sword of Disintegration {venom,
                  | Drain rElec Dex+4 SInv}
  8363 | D:12     | Found a portal to a secret trove of treasure.
  8455 | D:12     | Noticed Rupert
  8474 | D:12     | Mangled by Rupert

Illustrated notes

Levels and vault maps discovered:
D:1:      saegor_arrival_simple_a, layout_rooms, serial_park_tiny_2
D:2:      layout_basic, uniq_sigmund
D:3:      layout_rooms, mainiacjoe_overflow_small_starburst,
          mainiacjoe_overflow_brackets, uniq_robin
D:4:      layout_basic, supply_closet_lemuel, minmay_increasing_density,
          uniq_eustachio
D:5:      layout_rooms, lemuel_zombie_altar_yredelemnul,
          regret_index_temple_of_mockery, serial_shops,
          nicolae_shop_competitors_out_of_business, shop_fountains,
          nicolae_shop_waterfront, nicolae_shop_statue_plus,
          nicolae_diamond_shop, glass_columns_c
D:6:      layout_basic, minmay_temple_entry_nine_rooms, serial_curves,
          eino_curves_04, eino_curves_04, chequers_decorated_corner,
          uniq_blork_the_orc, uniq_pikel, uniq_crazy_yiuf_cottage
D:7:      layout_cave_pools
D:8:      minmay_goldmine, layout_loops_cross, dpeg_oklobed_lair,
          gammafunk_ghost_wrathful_warriors, minivault_1
D:9:      minmay_the_grid_four_pointed_star
          [minmay_the_grid_triangle_9x9_windchime,
          minmay_the_grid_triangle_9x9_sparse_checkered,
          minmay_the_grid_triangle_9x9_swiss_cheese,
          minmay_the_grid_triangle_9x9_impossible_snake,
          minmay_the_grid_prize_four_corners], layout_long_grid,
          nemelex_spade_bored_becter, serial_shops, shop, serial_bayou_lagoon_a,
          minivault_23, abandoned_shop, kennysheep_generic_room_3
D:10:     layout_roguey, uniq_grum
D:11:     layout_gridville, orc_0_dummy
D:12:     layout_basic, nicolae_trove_entry_crystal,
          nicolae_shop_overcharged_wands, uniq_josephine, uniq_rupert, uniq_urug

Skill      XL: |  1  2  3  4  5  6  7  8  9 10 11 |
---------------+----------------------------------+-----
Axes           | 3 4 5 6 8 9 11 12 | 12.7
Dodging        | 1 2 3 4 5 6 8 |  8.3
Shields        | 4 5 6 7 8 9 |  9.9
Fighting       | 4 5 6 7 8 9 |  9.9
Armour         | 4 5 6 7 8 9 |  9.8
Invocations    | 1 2 3 4 5 7 |  7.1

Action                   |  1- 3 |  4- 6 |  7- 9 | 10-12 || total
-------------------------+-------+-------+-------+-------++-------
Melee: War axe           |    78 |   120 |   270 |   144 ||   612
       Headbutt          |    12 |    14 |    54 |    83 ||   163
       Kick              |       |    18 |    99 |   132 ||   249
       Broad axe         |       |       |       |   128 ||   128
Invok: Heroism           |       |       |       |     1 ||     1
  Use: Scroll            |     2 |     4 |     4 |     7 ||    17
       Potion            |     2 |     2 |     1 |       ||     5
Armor: Scale mail        |    41 |    44 |    14 |       ||    99
       Skin              |       |    11 |       |       ||    11
       Plate armour      |       |       |   125 |   145 ||   270
       Chain mail        |       |       |     9 |       ||     9
Dodge: Dodged            |    28 |    34 |   112 |    91 ||   265
Block: Kite shield       |    63 |    71 |   160 |   185 ||   479
